 Dungeon Crawl Stone Soup version 0.28.0-1-gb440e238dd (webtiles) character file.

Game seed: 3506952205703886005

189818 xSliceyx the Slayer (level 17, -3/142 HPs)
             Began as a Demonspawn Fighter on Feb 19, 2022.
             Was a High Priest of Hepliaklqana.
             Slain by a naga warrior (20 damage)
             ... on level 4 of the Snake Pit on Feb 20, 2022.
             The game lasted 03:31:12 (39613 turns).

xSliceyx the Slayer (Demonspawn Fighter)           Turns: 39613, Time: 03:31:13

Health: -3/142     AC: 30    Str: 30    XL:     17   Next: 96%
Magic:  24/24      EV:  4    Int: 19    God:    Hepliaklqana [*****.]
Gold:   1017       SH: 12    Dex: 22    Spells: 16/16 levels left

rFire   + + .      SeeInvis .   B - +7 demon trident of Spontaneous Combustion {pain, rElec rN+ Int+6}
rCold   . . .      Faith    .   s - +0 kite shield {AC+3}
rNeg    + . .      Spirit   .   Q - +7 chain mail "Fulesin" {rF+ rCorr}
rPois   +          Reflect  .   (helmet restricted)
rElec   +          Harm     .   k - +0 cloak
rCorr   +          Rampage  ∞   w - +0 pair of gloves
Will    +....      NoTele   +   j - +3 pair of seven-league boots {Rampage+∞}
Stlth   ++........              V - amulet of regeneration
HPRegen 1.13/turn               a - ring "Rargh" {rF+ Str+7 Int+3 Dex+2}
MPRegen 0.19/turn               t - ring of poison resistance

@: weakened, untranslocatable, constricted
A: reduced essence, horns 2, thin skeletal structure 3, foul stench 3, demonic
magic 2
a: Renounce Religion, Recall Ancestor, Ancestor Identity, Transference, Idealise


You were on level 4 of the Snake Pit.
You worshipped Hepliaklqana.
Hepliaklqana was extremely pleased with you.
You visited 5 branches of the dungeon, and saw 28 of its levels.
You visited the Abyss 1 time.
You also visited: Gauntlet.

You collected 3038 gold pieces.
You spent 2021 gold pieces at shops.

Inventory:

Hand Weapons
 d - the +10 flail "Lelekh" {antimagic, Dex+3}
   (You found it on level 14 of the Dungeon)

   It reduces the magical energy of the wielder, and disrupts the spells and
   magical abilities of those it strikes.
   Natural abilities and divine invocations are not affected.
   Dex:       It affects your dexterity (+3).
 B - the +7 demon trident of Spontaneous Combustion (weapon) {pain, rElec rN+ Int+6}
   (You bought it in a shop on level 8 of the Dungeon)

   In the hands of one skilled in necromantic magic, it inflicts extra damage on
   living creatures.
   Int:       It affects your intelligence (+6).
   rElec:     It insulates you from electricity.
   rN:        It protects you from negative energy.
Missiles
 c - 2 throwing nets
 y - 17 javelins (quivered)
 P - 29 poisoned darts
 U - 11 atropa-tipped darts
 X - 2 silver javelins
Armour
 j - the +3 pair of seven-league boots (worn) {Rampage+∞}
   (You found it on level 1 of the Lair of Beasts)

   Its wearer moves as far as possible in that direction when moving towards
   enemies.
 k - a +0 cloak (worn)
 l - a +1 kite shield
 s - a +0 kite shield of protection (worn)
 w - a +0 pair of gloves (worn)
 A - a +1 plate armour of fire resistance
 E - a +3 plate armour of cold resistance
 Q - the +7 chain mail "Fulesin" (worn) {rF+ rCorr}
   (You found it on level 10 of the Dungeon)

   rF:        It protects you from fire.
   rCorr:     It protects you from acid and corrosion.
Jewellery
 a - the ring "Rargh" (left hand) {rF+ Str+7 Int+3 Dex+2}
   (You acquired it on level 1 of the Lair of Beasts)

   [ring of protection from fire]

   Str:       It affects your strength (+7).
   Int:       It affects your intelligence (+3).
   Dex:       It affects your dexterity (+2).
   rF:        It protects you from fire.
 t - a ring of poison resistance (right hand)
 H - a ring of protection from cold
 I - a ring of see invisible
 V - an amulet of regeneration (around neck)
Wands
 p - a wand of mindburst (19)
 u - a wand of digging (17)
 x - a wand of iceblast (23)
 C - a wand of paralysis (6)
 F - a wand of charming (6)
 L - a wand of polymorph (28)
 Y - a wand of flame (57)
Scrolls
 b - a scroll of magic mapping
 e - 7 scrolls of teleportation
 g - 8 scrolls of identify
 i - 2 scrolls of fog
 n - a scroll of brand weapon
 v - 3 scrolls of fear
 D - 2 scrolls of immolation
Potions
 f - 2 potions of flight
 h - 4 potions of ambrosia
 m - a potion of cancellation
 o - a potion of mutation
 q - 2 potions of heal wounds
 r - 9 potions of curing
 G - a potion of resistance
 J - a potion of brilliance
 S - 5 potions of lignification
Miscellaneous
 z - a piece from Xom's chessboard (15/15)
 T - a phantom mirror


   Skills:
 - Level 21.0 Fighting
 - Level 1.7 Long Blades
 - Level 6.0 Polearms
 - Level 2.0 Throwing
 - Level 12.6 Armour
 - Level 7.0 Shields
 - Level 10.0 Invocations
 + Level 18.5 Evocations


You had 16 spell levels left.
You didn't know any spells.
Your spell library contained the following spells:

 Spells                   Type           Power      Damage    Failure   Level
 Animate Skeleton         Necr           0%         N/A       88%         1
 Foxfire                  Conj/Fire      0%         2x1d4     88%         1
 Magic Dart               Conj           0%         1d3       88%         1
 Pain                     Necr           0%         1d4       88%         1
 Summon Small Mammal      Summ           0%         N/A       88%         1
 Ensorcelled Hibernation  Hex/Ice        0%         N/A       96%         2
 Passwall                 Tmut/Erth      0%         N/A       96%         2
 Searing Ray              Conj           0%         2d4       96%         2
 Sublimation of Blood     Necr           0%         N/A       96%         2
 Wereblood                Tmut           0%         N/A       96%         2
 Call Canine Familiar     Summ           0%         N/A       99%         3
 Confusing Touch          Hex            0%         N/A       99%         3
 Conjure Flame            Conj/Fire      0%         6-21      99%         3
 Frozen Ramparts          Ice            0%         1d2       99%         3
 Gell's Gravitas          Tloc           0%         N/A       99%         3
 Inner Flame              Hex/Fire       0%         N/A       99%         3
 Lesser Beckoning         Tloc           0%         N/A       99%         3
 Spider Form              Tmut/Pois      0%         N/A       99%         3
 Summon Guardian Golem    Hex/Summ       0%         N/A       99%         3
 Swiftness                Air            0%         N/A       99%         3
 Teleport Other           Tloc           0%         N/A       99%         3
 Vampiric Draining        Necr           0%         2d6       99%         3
 Anguish                  Hex/Necr       0%         N/A       100%        4
 Animate Armour           Summ/Erth      0%         N/A       100%        4
 Animate Dead             Necr           0%         N/A       100%        4
 Flame Wave               Conj/Fire      0%         2d4       100%        4
 Fulminant Prism          Conj/Hex       0%         3d6       100%        4
 Hailstorm                Conj/Ice       0%         3d3       100%        4
 Ice Form                 Ice/Tmut       0%         N/A       100%        4
 Summon Ice Beast         Ice/Summ       0%         N/A       100%        4
 Alistair's Intoxication  Tmut/Pois      0%         N/A       100%        5
 Borgnjor's Vile Clutch   Necr/Erth      0%         N/A       100%        5
 Fireball                 Conj/Fire      0%         3d3       100%        5
 Iskenderun's Battlesphe  Conj           0%         2d6       100%        5
 Yara's Violent Unravell  Hex/Tmut       0%         3d3       100%        5
 Conjure Ball Lightning   Conj/Air       0%         3x3d6     100%        6
 Death Channel            Necr           0%         N/A       100%        6
 Eringya's Noxious Bog    Tmut/Pois      0%         N/A       100%        6
 Simulacrum               Ice/Necr       0%         N/A       100%        6
 Enfeeble                 Hex            0%         N/A       100%        7
 Monstrous Menagerie      Summ           0%         N/A       100%        7
 Orb of Destruction       Conj           0%         9d5       100%        7
 Summon Hydra             Summ           0%         N/A       100%        7


Dungeon Overview and Level Annotations

Branches:
Dungeon (15/15)            Temple (1/1) D:5            Lair (6/6) D:11
 Shoals (0/4) Lair:3        Snake (4/4) Lair:4        Slime (0/5) Lair:5
    Orc (2/2) D:12            Elf (0/3) Orc:2        Vaults (0/5) D:13
 Depths (0/4) D:15        Gauntlet (visited)

Altars:
Ashenzari
Cheibriados
Dithmenos
Elyvilon
Fedhas
Gozag
Hepliaklqana
Kikubaaqudgha
Makhleb
Nemelex Xobeh
Okawaru
Ru
Sif Muna
Trog
Uskayaw
Wu Jian
Xom
Yredelemnul
Zin
The Shining One
Beogh

Shops:
D:8 (   Orc:2 :*[*

Annotations:
D:12 2 transporters, exclusion: oklob plant, BeingJoeMalik's ghost, journeyman MfFi


Innate Abilities, Weirdness & Mutations

Your life essence is reduced to manifest your ancestor. (-10% HP)
You have a pair of horns on your head.
You have an unnaturally thin skeletal structure. (Dex +6, Stealth+++)
You frequently emit foul miasma when damaged in melee.
Spells you cast may paralyse nearby enemies.


Message History

The nagaraja is heavily wounded.
The salamander tyrant hits you but does no damage.
You block the naga warrior's attack. You block the nagaraja's attack.
The nagaraja constricts you.
You barely miss the nagaraja. Your headbutt misses the nagaraja.
The nagaraja is heavily wounded.
The salamander tyrant hits you but does no damage.
The naga warrior hits you but does no damage.
The nagaraja hits you but does no damage.
The nagaraja constricts you.
The salamander tyrant barely misses you.
Unknown command.
You hit the nagaraja but do no damage.
The nagaraja is heavily wounded.
The naga warrior hits you from afar with a +0 halberd!!
* * * LOW HITPOINT WARNING * * *
You block the nagaraja's attack. The nagaraja constricts you.
The salamander tyrant hits you but does no damage.
The naga warrior hits you but does no damage.
Unknown command.
You puncture the nagaraja! You headbutt the nagaraja!
The nagaraja is almost dead.
The nagaraja hits you with a +0 club!
* * * LOW HITPOINT WARNING * * *
You emit a cloud of foul miasma!
The nagaraja constricts you.
The salamander tyrant hits you but does no damage.
The naga warrior hits you but does no damage.
Unknown command.
You feel much better.
The salamander tyrant no longer looks unusually strong.
The nagaraja is engulfed in dark miasma.
The nagaraja hits you with a +0 club!!
* * * LOW HITPOINT WARNING * * *
The nagaraja constricts you.
* * * LOW HITPOINT WARNING * * *
The salamander tyrant gazes fiercely through you!
You feel as though you will be weak longer.
The salamander tyrant hits you but does no damage.
The naga warrior hits you from afar with a +0 halberd!!
You die...

..)..)).[..[).[..##....).#.....#.
...###...#####<####....#.#.....#.
.....#...# ### ######)#.....#.
.....#...###############N).......
.....#...#...........[.....#.#...
.....#...#.###########....##.#...
.....#...#.###.....# #.....#.#...
.....#####.#...###.# #.....#.#...
.....#####.#.#.#@#.###.......#...
.....#..........NNN..............
........#########...########.....
.......#########...##########..##
......###..........##......##....
......###..........##......##....
.......##...####...#####...##....
.......##..######...#####..##....
.......##..##..........##..##....


You could see a naga warrior, a nagaraja (strong) and a salamander tyrant.

Vanquished Creatures
  Saint Roka (Snake:2)
  Jorgrun (D:15)
  Frances (D:14)
  2 nagarajas
  A frost giant (D:15)
  A fire giant (D:15)
  An orc warlord (Orc:1)
  Aizul (Snake:3)
  The ghost of Jingleheimer the Spear-Bearer, a journeyman DsFi of Yredelemnul (Orc:1)
  A stone giant (D:15)
  A vampire knight (D:14)
  A minotaur (Gauntlet)
  4 dire elephants
  2 merfolk impalers (Orc:1)
  A fire dragon (D:15)
  Fannar (Lair:1)
  Erolcha (D:9)
  2 salamander tyrants
  5 vault guards (D:13)
  10 naga warriors
  6 hydras
  7 boulder beetles
  A death knight (D:14)
  6 centaur warriors
  8 anacondas
  An alligator (Lair:4)
  10 two-headed ogres
  2 tengu warriors
  7 death yaks
  2 spectral dire elephants (Lair:6)
  5 shock serpents
  Urug (D:13)
  9 naga sharpshooters
  The ghost of themarg the Protected, a novice MiBe of Trog (D:7)
  3 salamander mystics
  A spectral death yak (Lair:6)
  An iron troll (Orc:2)
  6 skeletal warriors
  A sea snake (Snake:2)
  A deep troll (Orc:2)
  2 deep elf archers (D:13)
  3 naga ritualists (Snake:3)
  A sea snake (shapeshifter) (D:15)
  The ghost of meepyknight the Cleaver, a novice GrFi (D:6)
  2 harpies (shapeshifter)
  2 necromancers
  3 orc knights
  An oklob plant (Lair:4)
  6 mana vipers
  A spectral ice dragon (D:14)
  2 orc sorcerers
  8 cyclopes
  8 salamanders
  4 manticores
  18 ugly things
  A spectral centaur (D:14)
  A wolf spider zombie (D:14)
  12 elephants
  13 naga magi
  A dire elephant zombie (Lair:6)
  3 guardian serpents
  29 black mambas
  2 gargoyles
  A minotaur zombie (Gauntlet)
  A centaur skeleton (D:14)
  16 cane toads
  7 komodo dragons
  5 rime drakes
  2 torpor snails
  A demonic crawler (Lair:6)
  2 kobold demonologists (D:10)
  An unseen horror (D:8)
  9 freezing wraiths
  A yaktaur (D:13)
  2 tengu conjurers (D:13)
  4 spectral deep trolls (D:14)
  Grinder (D:5)
  2 polar bears (Lair:6)
  A hornet (Lair:4)
  8 trolls
  8 blink frogs
  15 slime creatures
  A spectral elephant (Lair:6)
  A snapping turtle (Lair:3)
  A flying skull (D:14)
  A meliai zombie (D:14)
  4 centaur simulacra
  36 yaks
  3 vampires (D:14)
  A wraith (D:14)
  A shadow (D:9)
  3 wyverns
  2 water elementals (D:15)
  A dire elephant simulacrum (Lair:6)
  5 basilisks
  2 vampire mosquitoes (D:13)
  2 swamp worms (Lair:6)
  A redback simulacrum (D:14)
  A spectral cane toad (Lair:6)
  33 nagas
  A water moccasin (shapeshifter) (D:13)
  4 hell hounds
  5 wargs
  A floating eye (Gauntlet)
  5 water moccasins
  A hexer (D:15)
  27 orc warriors
  A meliai simulacrum (D:14)
  2 elephant zombies (Lair:6)
  An ice beast (D:5)
  18 wolves
  A black bear (Lair:4)
  21 ogres
  2 elephant skeletons (Lair:6)
  A hornet zombie (D:14)
  2 ice dragon simulacra (D:14)
  13 centaurs
  3 kobold brigands
  5 scorpions
  9 bullfrogs
  2 cane toad simulacra
  2 water moccasin zombies (D:5)
  12 killer bees
  A water moccasin skeleton (D:5)
  3 elephant simulacra (Lair:6)
  An electric eel (Lair:3)
  7 howler monkeys
  13 wights
  7 centaur zombies
  2 hounds (D:4)
  A jelly (D:7)
  13 orc priests
  4 quasits
  11 orc wizards
  Ijyb (D:5)
  An iguana (D:7)
  Robin (D:4)
  7 adders
  4 dart slugs
  2 worms
  66 orcs
  7 bats
  8 endoplasms
  3 giant cockroaches
  12 hobgoblins
  6 jackals
  10 kobolds
  3 quokkas
  9 ball pythons
  18 goblins
  8 rats
796 creatures vanquished.

Vanquished Creatures (collateral kills)
  Rupert (Lair:3)
  A nagaraja (Snake:4)
  A merfolk javelineer (Orc:1)
  A death knight (D:15)
  2 ogre magi (Orc:2)
  A two-headed ogre (D:11)
  An anaconda (Lair:4)
  A naga sharpshooter (Snake:2)
  A shock serpent (Snake:4)
  A salamander mystic (Snake:3)
  A spectral anaconda (Lair:6)
  An obsidian statue (Lair:6)
  A naga ritualist (Snake:4)
  4 necromancers
  A mana viper (Snake:4)
  2 orc knights
  2 orc sorcerers
  6 ugly things
  5 salamanders
  A cyclops (Orc:1)
  A wolf spider (D:15)
  8 elephants
  7 naga magi
  6 black mambas
  A centaur skeleton (D:14)
  2 cane toads
  An eye of devastation (Gauntlet)
  An unseen horror (D:11)
  A komodo dragon (Lair:6)
  2 freezing wraiths (D:14)
  A troll (D:11)
  A tyrant leech (Lair:5)
  A slime creature (D:11)
  2 blink frogs
  A water elemental (D:15)
  8 yaks
  A golden eye (Gauntlet)
  12 nagas
  A swamp worm (Lair:6)
  2 water moccasins (Lair:4)
  2 hell hounds (D:14)
  A black bear (shapeshifter) (D:15)
  3 orc warriors
  3 wolves
  2 centaurs (D:11)
  2 ogres
  The ghost of Bediveer the Sneak, an amateur KoEn (D:4)
  3 bullfrogs
  A killer bee (D:9)
  2 wights (D:8)
  2 electric eels (Lair:3)
  2 centaur zombies
  3 quasits (D:7)
  3 orc priests (D:12)
  5 orc wizards
  A worm (D:6)
  16 orcs
  6 kobolds
153 creatures vanquished.

Vanquished Creatures (others)
  2 trolls (Orc:2)
  A black bear (D:11)
  An ogre (Orc:2)
  48 hexers
  3 ancestors (D:8)
  An orc (Orc:1)
  18 fungi
  92 plants
  38 withered plants (Lair:6)
204 creatures vanquished.

Grand Total: 1153 creatures vanquished

Notes
Turn   | Place    | Note
-------+----------+-------------------------------------------
     0 | D:1      | xSliceyx the Demonspawn Fighter began the quest for the
                  | Orb.
     0 | D:1      | Reached XP level 1. HP: 18/18 MP: 1/1
   126 | D:1      | Gained mutation: You have a somewhat thin skeletal
                  | structure. (Dex +2, Stealth+) [demonic ancestry]
   126 | D:1      | Reached XP level 2. HP: 13/24 MP: 2/2
   332 | D:1      | Found a faded altar of an unknown god.
   839 | D:2      | Reached XP level 3. HP: 29/29 MP: 3/3
  1233 | D:2      | Identified the +3 hand axe "Otutoamp" {vorpal, *Slow Will++
                  | Int+7}
  1388 | D:2      | Reached XP level 4. HP: 35/35 MP: 4/4
  2238 | D:3      | Reached XP level 5. HP: 35/41 MP: 5/5
  3483 | D:4      | Noticed Robin
  3508 | D:4      | Reached XP level 6. HP: 45/47 MP: 6/6
  3662 | D:4      | Killed Robin
  3753 | D:4      | Found a runed translucent gate.
  3753 | D:4      | Found a runed translucent gate.
  3754 | D:4      | Found a runed translucent gate.
  3754 | D:4      | Noticed Bediveer's ghost (amateur KoEn)
  4209 | D:5      | Entered Level 5 of the Dungeon
  4234 | D:5      | Reached skill level 5 in Armour
  4234 | D:5      | Reached skill level 5 in Shields
  4544 | D:5      | Noticed Grinder
  4564 | D:4      | Gained mutation: You have a moderately thin skeletal
                  | structure. (Dex +4, Stealth++) [demonic ancestry]
  4564 | D:4      | Reached XP level 7. HP: 52/52 MP: 7/7
  4629 | D:5      | Found a staircase to the Ecumenical Temple.
  4654 | Temple   | Entered the Ecumenical Temple
  4923 | Temple   | Became a worshipper of Hepliaklqana the Forgotten
  5203 | D:5      | Noticed Ijyb
  5217 | D:5      | Killed Ijyb
  5958 | D:6      | Found a runed translucent door.
  5968 | D:6      | Noticed meepyknight's ghost (novice GrFi)
  5989 | D:6      | Found a runed translucent door.
  6050 | D:6      | Gained mutation: You have an unnaturally thin skeletal
                  | structure. (Dex +6, Stealth+++) [demonic ancestry]
  6050 | D:6      | Reached XP level 8. HP: 54/58 MP: 8/8
  7254 | D:7      | Noticed themarg's ghost (novice MiBe)
  7262 | D:7      | Reached * piety under Hepliaklqana
  7420 | D:7      | Found a transporter.
  7440 | D:7      | Found a transporter.
  8209 | D:5      | Paralysed by Grinder for 7 turns
  8219 | D:5      | Killed Grinder
  8220 | D:5      | Gained mutation: Spells you cast may paralyse adjacent
                  | enemies. [demonic ancestry]
  8220 | D:5      | Reached XP level 9. HP: 46/57 MP: 9/9
  8451 | D:8      | Reached skill level 4 in Fighting
  8879 | D:8      | Reached skill level 5 in Fighting
  9212 | D:8      | Noticed a harpy
  9224 | D:8      | Killed a harpy
  9225 | D:8      | Reached skill level 7 in Fighting
  9630 | D:8      | Reached ** piety under Hepliaklqana
  9631 | D:8      | Remembered your ancestor Cebita as a hexer
  9632 | D:8      | Found Nupraog's Weapon Shop.
  9641 | D:8      | Bought a +2 falchion of venom for 202 gold pieces
  9723 | D:8      | Reached skill level 8 in Fighting
  9818 | D:8      | Killed an unseen horror
  9819 | D:8      | Reached skill level 9 in Fighting
 10240 | D:9      | Gained mutation: Spells you cast may paralyse nearby
                  | enemies. [demonic ancestry]
 10240 | D:9      | Reached XP level 10. HP: 73/74 MP: 8/10
 10269 | D:9      | Reached skill level 10 in Fighting
 10463 | D:9      | Found an ancient bone altar of Kikubaaqudgha.
 10470 | D:9      | Noticed a cyclops
 10485 | D:9      | Killed a cyclops
 10850 | D:9      | Found a shadowy altar of Dithmenos.
 10928 | D:9      | Reached skill level 11 in Fighting
 11016 | D:9      | Noticed Erolcha
 11041 | D:9      | Killed Erolcha
 11504 | D:10     | Entered Level 10 of the Dungeon
 11544 | D:10     | Reached skill level 1 in Evocations
 11727 | D:10     | Reached *** piety under Hepliaklqana
 12169 | D:10     | Noticed a soul eater
 12226 | D:10     | Identified the +7 chain mail "Fulesin" {rF+ rCorr}
 12541 | D:4      | Cast into level 1 of the Abyss (kobold)
 12541 | Abyss:1  | Found a corrupted altar of Lugonu.
 12617 | Abyss:1  | Found a corrupted altar of Lugonu.
 12648 | Abyss:1  | Noticed a smoke demon
 12690 | Abyss:1  | Noticed a sun demon
 12691 | Abyss:1  | Noticed a rakshasa
 12725 | D:4      | Escaped the Abyss
 12740 | D:4      | Killed Bediveer's ghost
 12741 | D:4      | Gained mutation: You have a pair of small horns on your
                  | head. [demonic ancestry]
 12741 | D:4      | Reached XP level 11. HP: 41/85 MP: 7/14
 13191 | D:6      | Killed meepyknight's ghost
 13192 | D:6      | Reached skill level 5 in Invocations
 13382 | D:7      | Killed themarg's ghost
 13722 | D:10     | Reached skill level 5 in Evocations
 13855 | D:11     | Noticed a two-headed ogre
 13862 | D:11     | Killed a two-headed ogre
 13900 | D:11     | Noticed a two-headed ogre
 13906 | D:11     | Killed a two-headed ogre
 14061 | D:11     | Identified the +5 flail of the Extremes {vorpal, *Corrode
                  | rElec rN+}
 14288 | D:11     | Found a staircase to the Lair.
 14787 | D:11     | Reached skill level 10 in Invocations
 14925 | D:12     | Noticed a boulder beetle
 14944 | D:12     | Killed a boulder beetle
 14979 | D:12     | Found a gate leading to a gauntlet.
 14996 | Gauntlet | Entered a Gauntlet
 14996 | Gauntlet | Found a transporter.
 15134 | Gauntlet | Found a transporter.
 15144 | Gauntlet | Found a transporter.
 15146 | Gauntlet | Noticed an orb spider
 15146 | Gauntlet | a snapping turtle changed into an orb spider
 15149 | Gauntlet | Noticed a catoblepas
 15150 | Gauntlet | Found a transporter.
 15152 | Gauntlet | an orb spider changed into a merfolk
 15154 | Gauntlet | Noticed a death scarab
 15161 | Gauntlet | Noticed a death scarab
 15167 | Gauntlet | Found a transporter.
 15184 | Gauntlet | Found a transporter.
 15196 | Gauntlet | Found a transporter.
 15199 | Gauntlet | Noticed a wretched star
 15204 | Gauntlet | Noticed a dire elephant
 15208 | Gauntlet | Found a transporter.
 15216 | Gauntlet | Found a large runed translucent door.
 15217 | Gauntlet | Found a large runed translucent door.
 15218 | Gauntlet | Found a large runed translucent door.
 15218 | Gauntlet | Found a large runed translucent door.
 15219 | Gauntlet | Found a runed translucent gate.
 15220 | Gauntlet | Found a transporter.
 15220 | Gauntlet | Found a runed translucent gate.
 15220 | Gauntlet | Noticed an obsidian statue
 15221 | Gauntlet | Found a runed translucent gate.
 15222 | Gauntlet | Found a large runed translucent door.
 15222 | Gauntlet | Found a large runed translucent door.
 15223 | Gauntlet | Found a large runed translucent door.
 15224 | Gauntlet | Found a large runed translucent door.
 15232 | Gauntlet | Found a transporter.
 15249 | Gauntlet | Found a transporter.
 15262 | Gauntlet | Found a large runed translucent door.
 15263 | Gauntlet | Found a large runed translucent door.
 15264 | Gauntlet | Found a large runed translucent door.
 15264 | Gauntlet | Found a large runed translucent door.
 15265 | Gauntlet | Found a runed translucent door.
 15266 | Gauntlet | Found a transporter.
 15267 | Gauntlet | Found a runed translucent door.
 15268 | Gauntlet | Found a large runed translucent door.
 15268 | Gauntlet | Found a large runed translucent door.
 15269 | Gauntlet | Found a large runed translucent door.
 15270 | Gauntlet | Found a transporter.
 15298 | Gauntlet | Found a transporter.
 15298 | Gauntlet | Found a transporter.
 15340 | Gauntlet | Noticed a quicksilver dragon
 15373 | Gauntlet | Noticed an emperor scorpion
 15386 | Gauntlet | Noticed a death yak
 15386 | Gauntlet | an emperor scorpion changed into a death yak
 15388 | Gauntlet | Noticed a catoblepas
 15388 | Gauntlet | a death yak changed into a catoblepas
 15394 | Gauntlet | a catoblepas changed into something unseen
 15395 | Gauntlet | Noticed an emperor scorpion
 15397 | Gauntlet | an emperor scorpion changed into something unseen
 15412 | Gauntlet | Found a transporter.
 15412 | Gauntlet | Found a transporter.
 15428 | Gauntlet | Found a large runed translucent door.
 15463 | Gauntlet | Noticed a quicksilver ooze
 15464 | Gauntlet | Noticed a sphinx
 15469 | Gauntlet | Noticed a death yak
 15469 | Gauntlet | a quicksilver ooze changed into a death yak
 15473 | Gauntlet | a death yak changed into something unseen
 15476 | Gauntlet | Noticed an emperor scorpion
 15573 | Gauntlet | Reached skill level 12 in Fighting
 15573 | Gauntlet | Reached XP level 12. HP: 66/91 MP: 12/19
 15849 | Gauntlet | Found a transporter.
 15892 | Gauntlet | Paralysed by a floating eye for 3 turns
 16058 | Gauntlet | Killed a dire elephant
 16149 | Gauntlet | Identified the +0 pair of gloves of the Cuttlefish {-Tele
                  | rN+ Int+6 Stlth+}
 16181 | Gauntlet | Identified the +4 morningstar of Evolution {venom, rCorr
                  | Stlth+}
 16181 | Gauntlet | Noticed a minotaur
 16184 | Gauntlet | Killed a minotaur
 16185 | Gauntlet | Reached skill level 13 in Fighting
 16472 | D:12     | Found a staircase to the Orcish Mines.
 16595 | D:12     | Found a transporter.
 16652 | D:12     | Found a transporter.
 16667 | D:12     | Noticed BeingJoeMalik's ghost (journeyman MfFi)
 16689 | D:12     | Noticed an eight-headed hydra
 16815 | D:12     | Reached **** piety under Hepliaklqana
 17127 | Lair:1   | Entered Level 1 of the Lair of Beasts
 17173 | Lair:1   | Identified a scroll of acquirement
 17174 | Lair:1   | Acquired the ring "Rargh" {rF+ Str+7 Int+3 Dex+2}
 17382 | Lair:1   | Reached skill level 1 in Throwing
 17417 | Lair:1   | Reached skill level 14 in Fighting
 17538 | Lair:1   | Noticed Fannar
 17550 | Lair:1   | Killed Fannar
 17712 | Lair:1   | You fall into a shaft and drop 1 floor!
 17723 | Lair:2   | Noticed a six-headed hydra
 17734 | Lair:2   | Killed a two-headed hydra
 17840 | Lair:1   | Reached skill level 15 in Fighting
 18066 | Lair:1   | Noticed a boulder beetle
 18066 | Lair:1   | Noticed a boulder beetle
 18075 | Lair:1   | Killed a boulder beetle
 18101 | Lair:1   | Killed a boulder beetle
 18102 | Lair:1   | Gained mutation: You may rarely emit foul miasma when
                  | damaged in melee. [demonic ancestry]
 18102 | Lair:1   | Reached XP level 13. HP: 62/104 MP: 15/20
 18151 | Lair:1   | Found the +3 pair of seven-league boots {Rampage+∞}
 18506 | Lair:2   | Reached skill level 16 in Fighting
 19142 | Lair:3   | Noticed Rupert
 19151 | Lair:3   | Killed Rupert
 19456 | Lair:3   | Found a staircase to the Shoals.
 19591 | Lair:4   | Reached skill level 17 in Fighting
 19611 | Lair:4   | Reached ***** piety under Hepliaklqana
 19785 | Lair:4   | Found a staircase to the Snake Pit.
 20149 | Lair:4   | Reached skill level 18 in Fighting
 20954 | Lair:5   | Gained mutation: You sometimes emit foul miasma when
                  | damaged in melee. [demonic ancestry]
 20954 | Lair:5   | Reached XP level 14. HP: 117/117 MP: 21/21
 21447 | Lair:5   | Found a staircase to the Slime Pits.
 21573 | Lair:6   | Entered Level 6 of the Lair of Beasts
 21613 | Lair:6   | Reached skill level 19 in Fighting
 22238 | Lair:6   | Reached skill level 20 in Fighting
 23086 | Lair:6   | Identified the +7 quarterstaff of Flawed Execution {elec,
                  | rF+ rC- Will+ Int+4}
 23370 | Lair:6   | Reached skill level 21 in Fighting
 23728 | D:8      | Bought the +7 demon trident of Spontaneous Combustion
                  | {pain, rElec rN+ Int+6} for 1329 gold pieces
 24126 | Lair:6   | Reached skill level 1 in Polearms
 24472 | Orc:1    | Entered Level 1 of the Orcish Mines
 24528 | Orc:1    | Found a runed translucent gate.
 24528 | Orc:1    | Found a runed translucent gate.
 24528 | Orc:1    | Found a runed translucent gate.
 24612 | Orc:1    | Noticed Jingleheimer's ghost (journeyman DsFi)
 24727 | Orc:1    | Found an iron altar of Okawaru.
 24737 | Orc:2    | Entered Level 2 of the Orcish Mines
 24744 | Orc:2    | Reached ****** piety under Hepliaklqana
 24837 | Orc:2    | Found Ruhunais's Assorted Antiques.
 24837 | Orc:2    | Found Kijiw's Book Emporium.
 24837 | Orc:2    | Found Tiligh's Antique Armour Shoppe.
 24837 | Orc:2    | Found Gofuewku's Assorted Antiques.
 24925 | D:13     | Reached XP level 15. HP: 126/129 MP: 22/22
 25104 | D:13     | Noticed Urug
 25109 | D:13     | Killed Urug
 25110 | D:13     | Reached skill level 5 in Polearms
 26502 | D:13     | Paralysed by an orc sorcerer for 4 turns
 26684 | D:13     | Found a gate to the Vaults.
 26933 | Orc:2    | Reached skill level 10 in Armour
 27135 | Orc:2    | Noticed an orc warlord
 27442 | Orc:1    | Killed an orc warlord
 27866 | Orc:2    | Found a staircase to the Elven Halls.
 28146 | Orc:2    | Bought a potion of heal wounds for 105 gold pieces
 28151 | Orc:2    | Bought a scroll of teleportation for 105 gold pieces
 28151 | Orc:2    | Bought a potion of curing for 105 gold pieces
 28151 | Orc:2    | Bought a potion of heal wounds for 175 gold pieces
 28991 | Orc:1    | Killed Jingleheimer's ghost
 29013 | Orc:1    | Identified the -3 cloak "Jamankur" {rN++}
 29387 | D:14     | Noticed Frances
 29833 | D:14     | Killed Frances
 30094 | D:14     | Gained mutation: You have a pair of horns on your head.
                  | [demonic ancestry]
 30094 | D:14     | Reached XP level 16. HP: 99/136 MP: 23/23
 30331 | D:14     | Identified the +10 flail "Lelekh" {antimagic, Dex+3}
 30635 | D:14     | Reached skill level 10 in Evocations
 30850 | D:14     | Found a burning altar of Makhleb.
 31289 | D:14     | Found a basalt altar of Yredelemnul.
 31676 | D:15     | Entered Level 15 of the Dungeon
 31715 | D:15     | Found a staircase to the Depths.
 31715 | D:15     | Noticed Jorgrun
 32881 | D:15     | Killed Jorgrun
 33184 | D:15     | Found a runed translucent door.
 33470 | D:15     | Got the Collected Works on Companions
 33751 | Snake:1  | Entered Level 1 of the Snake Pit
 34697 | Snake:2  | Gained mutation: You frequently emit foul miasma when
                  | damaged in melee. [demonic ancestry]
 34697 | Snake:2  | Reached XP level 17. HP: 106/142 MP: 24/24
 34697 | Snake:2  | Noticed Saint Roka
 34904 | Snake:2  | Reached skill level 15 in Evocations
 34906 | Snake:2  | Killed Saint Roka
 35312 | Snake:2  | Paralysed by a naga for 5 turns
 36200 | Snake:3  | Noticed Aizul
 36256 | Snake:3  | Killed Aizul
 36773 | Snake:3  | HP: 3/142 [naga warrior (9)]
 38216 | Snake:4  | Entered Level 4 of the Snake Pit
 39613 | Snake:4  | Slain by a naga warrior

Illustrated notes

Levels and vault maps discovered:
D:1:      lightli_iron_boxes, layout_rooms,
          shapermc_ecumenical_altar_totnotflames, minmay_tripent
D:2:      cheibrodos_old_hovel, layout_rooms, minmay_3d_cube
D:3:      layout_basic
D:4:      layout_basic, gammafunk_ghost_nasty_kobolds, minivault_23, uniq_robin
D:5:      layout_basic, temple_pool_b, minmay_fractal_squares_gapless_5,
          uniq_ijyb, uniq_grinder
D:6:      layout_rooms, ebering_ghost_sewer_f, minmay_misc_feat_tiny
D:7:      layout_basic, gammafunk_ghost_stat_death, feat_on_display
D:8:      layout_cave_pods, serial_shops, nicolae_shop_bloodbath_and_beyond
D:9:      layout_long_grid, mainiacjoe_overflow_cross_hatched,
          grunt_dithmenos_shadows, uniq_erolcha
D:10:     layout_rooms
D:11:     layout_roguey, david_lair_generic
D:12:     layout_long_grid, david_orc_3, nzn_ghost_randoct,
          gauntlet_entry_generic
D:13:     layout_loops_cross, grunt_vaults_entry_fortified, uniq_urug
D:14:     lemuel_vampire_tower, layout_basic, chequers_serial_rivers_micro_c,
          bloody_makhleb, uniq_frances
D:15:     hangedman_depths_entry_try_elsewhere_first, layout_loops_ring,
          chequers_serial_rivers_marsh, serial_bayou, serial_bayou_lagoon_a,
          serial_bayou_lagoon_b, serial_bayou_pond_e, serial_bayou_ford_a,
          minivault_13, uniq_jorgrun
Temple:   mainiacjoe_temple_big_plus
Lair:1:   layout_cave_pods, hellmonk_guarded_unrand_seven_league_boots,
          uniq_fannar
Lair:2:   layout_concentric_octagons
Lair:3:   layout_regular_city, minmay_shoals_entry_hut,
          chequers_serial_rivers_micro_c, nicolae_lair_lil_pond,
          infiniplex_staircase_pool_2, uniq_rupert
Lair:4:   layout_gridlike, guppyfry_snake_entry_garden,
          nicolae_lair_lakeside_cave
Lair:5:   layout_big_grid, dpeg_slime_entry_corner,
          nicolae_quartered_pool_impasse
Lair:6:   due_jungle_book, layout_cave_pods, minivault_24, worms_lemuel
Snake:1:  layout_grid_shapes, lemuel_fruit_tree, grunt_megastairs_4,
          serial_bayou_shore_b
Snake:2:  layout_misc_corridors, serial_bayou_shore_b, grunt_megastairs_3,
          uniq_saint_roka
Snake:3:  layout_cave_town, nicolae_snake_shapes, uniq_aizul
Snake:4:  grunt_snake_rune_pools, layout_basic, nicolae_snake_gridmaze_entwining
Orc:1:    layout_diamond_mine, gammafunk_ghost_fury_of_okawaru, basic_altar
Orc:2:    st_orc_open, layout_caves, special_room

Skill      XL: |  1  2  3  4  5  6  7  8  9 10 11 12 13 14 15 16 17 |
---------------+----------------------------------------------------+-----
Armour         | 3 4 5 6 9 12 | 12.6
Shields        | 3 4 5 6 7 |  7.0
Fighting       | 9 11 12 15 18 21 | 21.0
Invocations    | 4 10 | 10.0
Evocations     | 3 8 14 18 | 18.5
Throwing       | 2 |  2.0
Polearms       | 3 6 |  6.0
Long Blades    | |  1.7

Action                   |  1- 3 |  4- 6 |  7- 9 | 10-12 | 13-15 | 16-18 || total
-------------------------+-------+-------+-------+-------+-------+-------++-------
Melee: Long sword        |   109 |       |       |       |       |       ||   109
       Hand axe          |     9 |   205 |   209 |       |       |       ||   423
       Falchion          |       |       |    16 |   327 |     4 |       ||   347
       Headbutt          |       |       |       |   105 |   263 |   263 ||   631
       Morningstar       |       |       |       |   125 |   505 |       ||   630
       Demon trident     |       |       |       |       |   438 |  1038 ||  1476
Throw: Javelin           |       |       |    20 |    19 |    12 |     2 ||    53
Invok: Ancestor Life: He |       |       |     1 |       |       |       ||     1
       Ancestor Identity |       |       |     1 |       |       |       ||     1
       Recall Ancestor   |       |       |       |     2 |     3 |     3 ||     8
       Idealise          |       |       |       |     1 |     2 |     8 ||    11
Evoke: Wand              |       |       |     3 |    10 |    13 |     7 ||    33
       Phantom mirror    |       |       |       |     1 |     2 |     2 ||     5
  Use: Scroll            |       |     2 |     1 |    19 |    10 |     6 ||    38
       Potion            |       |       |     1 |     1 |     7 |    16 ||    25
 Stab: Sleeping          |       |       |     5 |     4 |     2 |     3 ||    14
       Distracted        |       |       |     5 |    10 |    19 |    13 ||    47
       Confused          |       |       |       |    12 |    11 |    11 ||    34
       Paralysed         |       |       |       |     5 |    23 |    48 ||    76
       Invisible         |       |       |       |       |     4 |       ||     4
Armor: Scale mail        |    66 |    97 |    87 |     6 |       |       ||   256
       Chain mail        |       |       |       |   312 |   803 |   515 ||  1630
Dodge: Dodged            |    58 |    79 |   111 |   254 |   315 |   212 ||  1029
Block: Buckler           |    21 |       |       |       |       |       ||    21
       Kite shield       |     1 |   146 |   173 |   387 |   739 |   551 ||  1997
